[Event "Late-Titled-Tuesday-Blitz-October-17-2023"]
[Site "Chess.com"]
[Date "2023.10.17"]
[Round "6"]
[White "NateSolon"]
[Black "venturov"]
[Result "0-1"]
[WhiteElo "2606"]
[BlackElo "2464"]
[TimeControl "180+1"]
[EndTime "15:07:32 PDT"]
[Termination "venturov won by checkmate"]

1. d4 Nf6 2. Bf4 c5 3. d5 d6 4.
Nc3 g6 5. e4 Bg7 6. Nf3 Bg4 7.
h3 Bxf3 8. Qxf3 Nbd7 9. Qd1 O-O 10. Be2 Rb8 11. a4 a6 12. O-O b5 13. axb5 axb5 14.
Nxb5 Nxe4 15. c3 Nef6 16. Re1 Nb6 17. c4 Qd7 18. Qc2 Ra8 19. Rxa8 Rxa8 20. Bf1 Ne8 21. Qe4 Nc8 22. b3 Nc7 23. Nxc7 Qxc7 24. Bd3 Ra3 25. Bc2 Qa5 26. h4 Ra1 27. Rxa1 Qxa1+ 28. Kh2 Be5 29. g3 Qb2 30. Be3 Qc3 31. Kg2 Nb6 32.
h5 Nd7 33. hxg6 hxg6 34. Bd1 Nf6 35. Qh4 Bd4 36. Bxd4 cxd4 37. Qf4 Nd7 38. Qe4 Ne5 39. Kf1 d3 40. f4 Qc1 41. Qe1 d2 42. Qe2 Nd7 43. Qg4 Nc5 44. Ke2 Qc3 45. Qf3 Qd4 46.
Qe3 Qa1 47. Qxd2 f5 48. Qe3 Qf6 49. Bc2 Kf8 50. Kf3 Nd7 51. Kg2 Qb2 52. Qf2 Nf6 53.
Bd1 Qc1 54. Bf3 Qc3 55. Bd1 Ne4 56. Qf3 Qd2+ 57. Kh3 Nf2+ 58. Kh4 Nxd1 59. Kg5 Nf2 60. Kxg6 Ne4 61. Kxf5 Nf6 62. Kg6 Qc2+ 63. f5 Qd2 64. g4 Qh2 65. g5 Qh7# 0-1

[Event "Late-Titled-Tuesday-Blitz-October-17-2023"]
[Site "Chess.com"]
[Date "2023.10.17"]
[Round "6"]
[White "amanmuhammethommadov"]
[Black "GaiozNigalidze"]
[Result "1-0"]
[WhiteElo "2541"]
[BlackElo "2692"]
[TimeControl "180+1"]
[EndTime "15:07:36 PDT"]
[Termination "amanmuhammethommadov won by resignation"]

1. e4 c5 2. Nf3 d6 3. d4 cxd4 4. Nxd4 Nf6 5. Nc3 a6 6. Bg5 e6 7. f4 h6 8. Bh4 Qb6 9. a3 Nbd7 10.
Bf2 Qc7 11. Qf3 b5 12. O-O-O Bb7 13. g4 Rc8 14. h4 Nc5 15. Bd3 h5 16. g5 Ng4 17. Bg1 g6 18. Rh3 Bg7 19. Kb1 O-O 20. Nde2 a5 21. Nxb5 Qb6 22. Nec3 Ba6 23. Qf1 Bxc3 24.
Nxc3 Rb8 25. Na4 Bxd3 26. Qxd3 Nxd3 27. Bxb6 Nxf4 28. Rc3 Rb7 29. Rxd6 Ng2 30. Nc5 Re7 31. Bd8 Ra7 32. Bb6 Raa8 33. Nd7 Rfe8 34. e5 Nxh4 35. Rc5 a4 36. Rc7 Nf3 37. Rdc6 Nfxe5 38. Nxe5 Nxe5 39. Rc3 h4 40. Bd4 Ng4 41. Rh3 e5 42. Rxh4 exd4 43.
Rxg4 Rac8 44. Rxc8 Rxc8 45. Rxd4 Rc5 46. Rg4 Kf8 47. b4 axb3 48. cxb3 Ke7 49. b4 Rf5 50. Kb2 Rf3 51. a4 Ke6 52. Rc4 Kf5 53. Rc5+ Kg4 54. a5 f5 55. a6 Rf2+ 56. Kb3 Rf1 57. Kb2 Rf2+ 58. Rc2 Rf4 59. a7 Rxb4+ 60. Ka3 Rb1 61. a8=Q Ra1+ 62. Ra2 Rxa2+ 1-0

[Event "Late-Titled-Tuesday-Blitz-October-17-2023"]
[Site "Chess.com"]
[Date "2023.10.17"]
[Round "6"]
[White "AryanTari"]
[Black "FabianoCaruana"]
[Result "0-1"]
[WhiteElo "2955"]
[BlackElo "3105"]
[TimeControl "180+1"]
[EndTime "15:07:37 PDT"]
[Termination "FabianoCaruana won on time"]

1. e4 c5 2. Nf3 d6 3. Bb5+ Nd7 4. O-O a6 5. Bd3 Ngf6 6. Re1 g6 7. Bf1 Bg7 8. c4 e5 9. Nc3 O-O 10. a3 h6 11. b4 Nh7 12. Nd5 f5 13. d3 f4 14.
Bb2 b6 15. bxc5 bxc5 16. Qa4 Ndf6 17. Qc6 Rb8 18. Reb1 Bb7 19. Qa4 g5 20. Bc3 g4 21.
Nd2 g3 22. fxg3 fxg3 23. Ba5 gxh2+ 24. Kh1 Qe8 25. Qxe8 Rfxe8 26. Bc7 Rbc8 27. Rxb7 Nxd5 28. cxd5 Re7 29. Nc4 Rexc7 30. Rxc7 Rxc7 31. Nxd6 Nf6 32. Be2 Bf8 33. Nc4 Rb7 34. Kxh2 Kg7 35. Bd1 Be7 36. Ba4 Ng4+ 37. Kg3 h5 38. Rh1 Kh6 39. Be8 Nf6 40. Ba4 Bd8 41. Kf3 Ng4 42. Ke2 Rg7 43. Rf1 Bg5 44. Nd6 Kh7 45. Rh1 Nf6 46. Nf5 Rb7 47. d6 Rb2+ 48. Kf3 Kg6 49. Be8+ Nxe8 50. d7 Nc7 51.
Rc1 Ne6 52. Rc4 Rb7 53. Ra4 Rxd7 54. Rxa6 Kf7 55. Nd6+ Ke7 56. Nf5+ Kf6 57. Ke2 h4 58.
a4 Rb7 59. a5 Rb2+ 60. Kf3 Rb3 61. Rd6 c4 62. a6 cxd3 63. Kg4 d2 64. Rd7 Ra3 65.
Nd6 Rxa6 66. Ne8+ Kg6 0-1

[Event "Late-Titled-Tuesday-Blitz-October-17-2023"]
[Site "Chess.com"]
[Date "2023.10.17"]
[Round "6"]
[White "TheMagician"]
[Black "leoduarte"]
[Result "1-0"]
[WhiteElo "2207"]
[BlackElo "2394"]
[TimeControl "180+1"]
[EndTime "15:07:38 PDT"]
[Termination "TheMagician won on time"]

1. d4 d5 2. Bf4 Nf6 3. e3 e6 4. c4 c6 5. Nc3 Be7 6. Bd3 O-O 7. Nge2 Nbd7 8. h3 dxc4 9. Bxc4 b5 10. Bd3 Bb7 11. O-O Rc8 12. Rc1 a6 13. Bg5 h6 14. Bf4 Qb6 15. Bb1 c5 16. Be5 Nxe5 17. dxe5 Nd5 18. Nxd5 Bxd5 19. Nf4 Rfd8 20. Qc2 Bg5 21. Qh7+ Kf8 22. Nxd5 exd5 23. f4 Bh4 24. Rf3 Re8 25. g3 Bd8 26. Qh8+ Ke7 27. Qxg7 Bc7 28.
Rd1 Rg8 29. Qf6+ Qxf6 30. exf6+ Ke6 31. g4 Rcd8 32. Kf1 Kxf6 33. Rf2 Ke7 34. Rfd2 Ke6 35. Bf5+ Kf6 36. Rxd5 c4 37. Rxd8 Rxd8 38. Rxd8 Bxd8 39. Ke2 Bb6 40. Kf3 a5 41. Bd7 b4 42. Bb5 c3 43.
bxc3 bxc3 44. Bd3 Bc5 45. e4 Bb4 46. h4 Ba3 47. e5+ Ke7 48. g5 hxg5 49. fxg5 Bc1 50. Ke4 Bd2 51. Kf5 Kf8 52. h5 Kg7 53. h6+ Kg8 54. Bc2 Be3 55. e6 fxe6+ 56. Kf6 Bd4+ 57. Kxe6 Be3 58. Kf5 Kh7 59. a4 Bd2 60. Kf6+ Kg8 61. Kg6 Be3 62. Kh5 1-0

[Event "Late-Titled-Tuesday-Blitz-October-17-2023"]
[Site "Chess.com"]
[Date "2023.10.17"]
[Round "6"]
[White "Sanan_Sjugirov"]
[Black "ameetghasi100"]
[Result "1-0"]
[WhiteElo "2953"]
[BlackElo "2791"]
[TimeControl "180+1"]
[EndTime "15:07:39 PDT"]
[Termination "Sanan_Sjugirov won by checkmate"]

1. e4 g6 2. d4 Bg7 3. Nf3 d6 4. Bd3 Nf6 5. O-O O-O 6. h3 Nc6 7. c3 e5 8. Re1 Nd7 9. Bc2 a6 10. Na3 b5 11. Be3 Bb7 12. Qd2 Ne7 13. Bh6 Nc6 14.
Bxg7 Kxg7 15. Rad1 Qf6 16. Bb1 Rfe8 17. Nc2 Nb6 18.
Ne3 h5 19. Nd5 Nxd5 20. exd5 Ne7 21. dxe5 dxe5 22. Rxe5 Red8 23. Be4 Rd6 24. b3 c6 25.
c4 cxd5 26. cxd5 Rad8 27. Qb4 Nxd5 28. Qc5 Nf4 29. Rxd6 Rxd6 30. Bxb7 Nd3 31. Qe3 Nxe5 32. Nxe5 Re6 33. f4 g5 34. Qg3 h4 35. Qg4 Qxf4 36.
Qxf4 gxf4 37. Nd3 Rb6 38. Bf3 Rd6 39. Nc5 a5 40. a4 bxa4 41. bxa4 Rd4 42. Be2 Rd5 43.
Nb3 Re5 44. Bb5 Rg5 45. Kf2 Rg3 46. Nd4 Ra3 47. Nf5+ Kf6 48. Nxh4 Ke5 49. Nf3+ Ke4 50. Ng5+ Ke5 51. Nxf7+ Kd4 52. Ng5 Kc5 53. Ne6+ Kb4 54. Nxf4 Ra2+ 55. Kf3 Rc2 56. h4 Rc3+ 57. Kg4 Rc5 58.
h5 Rxb5 59. axb5 a4 60. b6 a3 61. b7 a2 62. b8=Q+ Kc3 63. Qe5+ Kc2 64. Qa1 Kb3 65. h6 Ka3 66. h7 Kb3 67. h8=Q Ka3 68. Qhc3+ Ka4 69.
Qxa2+ Kb5 70. Qaa5# 1-0

[Event "Late-Titled-Tuesday-Blitz-October-17-2023"]
[Site "Chess.com"]
[Date "2023.10.17"]
[Round "6"]
[White "Sokoloco"]
[Black "aNaartjieZA"]
[Result "0-1"]
[WhiteElo "2695"]
[BlackElo "2544"]
[TimeControl "180+1"]
[EndTime "15:07:41 PDT"]
[Termination "aNaartjieZA won by resignation"]

1. b3 e5 2. Bb2 d6 3. e3 Nf6 4.
d4 Nbd7 5. c4 g6 6. Nf3 Bg7 7.
dxe5 Ng4 8. Nc3 Ndxe5 9. Be2 O-O 10. h3 Nxf3+ 11. Bxf3 Ne5 12. O-O Nxf3+ 13. Qxf3 Qf6 14. Qe2 Bd7 15. Rad1 Bc6 16. Rd2 Qg5 17. Qg4 Qxg4 18. hxg4 Bxc3 19. Bxc3 Rfe8 20. Re1 a5 21. a4 Re6 22. f3 Rae8 23. Kf2 b6 24. g5 Kf8 25.
Rh1 Rxe3 26. Bf6 Kg8 27. Rd4 Re2+ 28. Kg3 h5 29. gxh6 Kh7 30. Rf4 Rc2 31. Rg1 Bd7 32. Bg7 Bf5 33. Kh4 Ree2 34. g4 Be6 35. Kg5 Re3 36.
Kf6 Rxb3 37. Re1 Rf2 38. Rxe6 fxe6 39. Kxe6 Rfxf3 40. Rd4 Rbe3+ 41. Kd7 Rf7+ 42. Kc6 Ra3 43. Re4 Rxa4 44. Re8 Rxg7 45. hxg7 Rxc4+ 46. Kd5 Rc5+ 47. Kd4 Kxg7 48. g5 Rxg5 49. Re7+ Kf6 50. Rxc7 Rc5 51.
Rb7 b5 52. Ra7 a4 53. Ra6 Ke6 54. Ra8 g5 55. Rg8 b4 56. Rb8 b3 57. Kd3 g4 58.
Rg8 Ra5 59. Rxg4 a3 60. Re4+ Kd7 61. Kc3 a2 62. Re1 a1=Q+ 63. Rxa1 Rxa1 64. Kxb3 Rc1 65. Kb2 Rc5 66. Kb3 d5 67. Kb4 Kc6 68. Kb3 d4 0-1

[Event "Late-Titled-Tuesday-Blitz-October-17-2023"]
[Site "Chess.com"]
[Date "2023.10.17"]
[Round "6"]
[White "tptagain"]
[Black "Zhigalko_Sergei"]
[Result "1/2-1/2"]
[WhiteElo "2914"]
[BlackElo "2955"]
[TimeControl "180+1"]
[EndTime "15:07:43 PDT"]
[Termination "Game drawn by repetition"]

1. d4 Nf6 2. Nf3 e6 3. Bg5 h6 4. Bxf6 Qxf6 5. e4 d6 6. Nc3 Nd7 7. a4 c6 8. a5 d5 9. Bd3 Bb4 10.
O-O O-O 11. Ra4 Qe7 12. Re1 b5 13. axb6 Nxb6 14. Ra1 Bb7 15. Re3 c5 16. e5 Rfd8 17. Qc1 Nc4 18. Re2 cxd4 19. Nxd4 Bc5 20. Nf3 Rac8 21. Bxc4 dxc4 22. Ne4 Bxe4 23. Rxe4 Rd5 24.
Qf4 Qd7 25. Rae1 Rd1 26. h4 Qd5 27. Re2 Rb8 28. c3 a5 29. h5 a4 30. Kh2 Rxe1 31. Nxe1 Qd1 32. Qd2 Qb1 33. Nf3 Qf5 34. Kg1 Qxh5 35.
Qf4 Qf5 36. Qxc4 Be7 37. Qxa4 Qb1+ 38. Kh2 Rxb2 39. Rxb2 Qxb2 40. Qa8+ Bf8 41. Kg3 Qxc3 42. Qe8 Qc4 43. Kh2 Qf4+ 44. Kg1 g5 45. Qb8 Qe4 46. Nh2 h5 47. Nf1 g4 48. Ng3 Qe1+ 49. Nf1 h4 50. Qb5 g3 51. fxg3 hxg3 52. Qd3 Bc5+ 53. Kh1 Bf2 54. Qd8+ Kh7 55. Qh4+ Kg8 56. Qg5+ Kf8 57. Qd8+ Kg7 58. Qg5+ Kh7 59. Qh5+ Kg8 60. Qg5+ Kh7 61. Qh5+ Kg7 62. Qg5+ Kh8 63. Qh5+ Kg8 64. Qg5+ 1/2-1/2

[Event "Late-Titled-Tuesday-Blitz-October-17-2023"]
[Site "Chess.com"]
[Date "2023.10.17"]
[Round "6"]
[White "MikaelyanArman"]
[Black "Hrant_ChessMood"]
[Result "1-0"]
[WhiteElo "2899"]
[BlackElo "2926"]
[TimeControl "180+1"]
[EndTime "15:07:44 PDT"]
[Termination "MikaelyanArman won on time"]

1. d4 d5 2. c4 e6 3. Nf3 Nf6 4. Nc3 Be7 5. Bg5 Nbd7 6. e3 h6 7. Bh4 O-O 8. Rc1 c5 9. cxd5 Nxd5 10. Bxe7 Nxe7 11. Be2 b6 12. O-O Bb7 13. dxc5 Nxc5 14. b4 Ne4 15. Nxe4 Bxe4 16. Nd4 a5 17. b5 Rc8 18.
Qb3 Qd6 19. Bf3 e5 20. Bxe4 exd4 21. Rcd1 Rc5 22. Rxd4 Qe5 23. a4 Rfc8 24. Rfd1 g6 25. g3 Rc3 26. Qb2 Kg7 27. Qe2 Ng8 28. Bb1 Nf6 29.
Qf3 Rc1 30. Kg2 Rxd1 31. Qxd1 Qc5 32. Qf3 Rc7 33. Bd3 Rd7 34. Rxd7 Nxd7 35. Qc6 Qe7 36. Bc4 Ne5 37. Qxb6 Nxc4 38. Qd4+ Ne5 39. f4 Qb7+ 40. e4 Kh7 41. Qxe5 Qc8 42. Qd5 Qc2+ 43. Kh3 Kg7 44. Qd4+ Kh7 45. Qf6 Kg8 46. b6 Qb1 47. Qd8+ Kh7 48.
Kg2 Qc2+ 49. Kf3 Qb3+ 50. Ke2 Qc2+ 51. Ke3 Qb3+ 52. Kd2 Qb2+ 53. Ke1 Qb1+ 54. Ke2 Qxe4+ 55. Kf2 Qc2+ 56. Kg1 Qxa4 57. Qc7 Qd1+ 58. Kf2 Qd2+ 59. Kf3 Qd3+ 60. Kf2 Qd4+ 61. Ke2 Qe4+ 62. Kd2 Qd4+ 63.
Kc2 Qa4+ 64. Kc3 Qb4+ 65. Kd3 Qb5+ 66. Kd4 Qb4+ 67. Kd5 Qb5+ 68. Kd6 Qd3+ 69. Ke7 a4 70. b7 a3 71. b8=Q a2 72. Qe5 1-0

[Event "Late-Titled-Tuesday-Blitz-October-17-2023"]
[Site "Chess.com"]
[Date "2023.10.17"]
[Round "6"]
[White "borocotoajua"]
[Black "Kale36"]
[Result "1-0"]
[WhiteElo "2577"]
[BlackElo "2316"]
[TimeControl "180+1"]
[EndTime "15:07:54 PDT"]
[Termination "borocotoajua won by checkmate"]

1. d4 Nc6 2. d5 Ne5 3. Nf3 Nxf3+ 4. exf3 e6 5. Nc3 Bb4 6. Bd3 Nf6 7. dxe6 dxe6 8. O-O Bxc3 9. bxc3 h6 10. Ba3 b6 11.
Re1 c5 12. c4 O-O 13. Bb2 Bb7 14. Qe2 Qe7 15. a4 a5 16. Bc3 Bc6 17. Qe5 Rfd8 18. Reb1 Rab8 19. Rb2 Ne8 20. Qg3 f5 21. Bxa5 Qf6 22.
Rab1 Bxa4 23. Bxb6 Rdc8 24. f4 Bc6 25. Qe3 Nd6 26. h3 Ne4 27. f3 Ng3 28. Kh2 Nh5 29.
Qe5 Qf7 30. Bxc5 Rxb2 31. Rxb2 Be8 32. Bd4 Nf6 33. Rb6 Rd8 34. c5 Qd7 35. Rd6 Qc7 36. Rxd8 Qxd8 37. Qxe6+ Bf7 38. Qd6 Qe8 39. Bxf6 gxf6 40.
Qxf6 Qe1 41. Qxf5 Qh4 42. Qh7+ Kf8 43. Qh8+ Ke7 44. Qe5+ Kf8 45. Qd6+ Kg7 46. g3 Qh5 47. Qe5+ Qxe5 48. fxe5 Bd5 49. f4 h5 50. Kg1 h4 51.
g4 Kf8 52. Kf2 Ke7 53. Be2 Ke6 54. Bf3 Bc4 55. Ke3 Kd7 56. Be2 Bd5 57. Bf3 Bc4 58.
g5 Bf1 59. Bg4+ Ke7 60. Kd4 Kf8 61. f5 Kg7 62. c6 Kf8 63. c7 Ke7 64. c8=Q Bc4 65.
Qd7+ Kxd7 66. Kxc4 Ke7 67. e6 Kd6 68. g6 Ke5 69. g7 Kf6 70. g8=Q Ke5 71. e7 Kf4 72.
e8=Q Kg3 73. Bh5+ Kf2 74. Qg4 Kf1 75. Qee2# 1-0

[Event "Late-Titled-Tuesday-Blitz-October-17-2023"]
[Site "Chess.com"]
[Date "2023.10.17"]
[Round "6"]
[White "adrivillu"]
[Black "rdarruda"]
[Result "1/2-1/2"]
[WhiteElo "2306"]
[BlackElo "2462"]
[TimeControl "180+1"]
[EndTime "15:07:56 PDT"]
[Termination "Game drawn by repetition"]

1. e4 c5 2. Nc3 e6 3. f4 d6 4. Nf3 Nf6 5. Bb5+ Nbd7 6. d3 Be7 7. O-O O-O 8. e5 Nd5 9. Ne4 Qc7 10. Bxd7 Bxd7 11.
c4 Nb4 12. a3 Nc6 13. Qe2 dxe5 14. fxe5 Nxe5 15. Bf4 Nxf3+ 16. Rxf3 e5 17. Bd2 f6 18. Nc3 Bg4 19. Nd5 Qd7 20. Raf1 Bxf3 21. Qxf3 Rae8 22.
Qh5 Bd8 23. Rf3 e4 24. Rh3 g6 25. Qe2 exd3 26. Qxd3 Qg4 27. Bc3 Qe2 28. Qxe2 Rxe2 29. Rf3 Re6 30. Kf1 f5 31. Nf4 Ree8 32. Nd5 Re4 33.
b3 Rfe8 34. a4 b6 35. Bf6 Kf7 36. Bc3 R8e6 37. h3 Be7 38. g4 Ke8 39. gxf5 gxf5 40.
Rxf5 Rg6 41. Rf3 Kd7 42. Bf6 Bd6 43. Bc3 Be7 44. Bf6 Re6 45. Bxe7 Rxe7 46. Nxe7 Kxe7 47.
Kf2 Rd6 48. Re3+ Kf6 49. Rf3+ Kg6 50. Rg3+ Kf5 51. Rf3+ Ke4 52. Rf7 Rd2+ 53. Kg3 Rd3+ 54. Kg4 Rxb3 55. Rxh7 Rb4 56. Rxa7 Rxc4 57. h4 Rc1 58. Re7+ Kd3 59. Re6 Rg1+ 60. Kf5 c4 61. Rxb6 c3 62. Rd6+ Kc4 63. h5 c2 64. Rc6+ Kb3 65.
a5 Ra1 66. Kg6 Rxa5 67. h6 Ra6 68. Rxa6 c1=Q 69. Rf6 Qg1+ 70. Kf7 Qa7+ 71. Kg6 Qe7 72. h7 Qe8+ 73. Kg7 Qe7+ 74. Rf7 Qg5+ 75. Kf8 Qh6+ 76.
Kg8 Qg6+ 77. Kf8 Qh6+ 78. Kg8 Qg6+ 79. Kf8 Qd6+ 80. Kg8 Qg6+ 1/2-1/2

[Event "Late-Titled-Tuesday-Blitz-October-17-2023"]
[Site "Chess.com"]
[Date "2023.10.17"]
[Round "6"]
[White "NigelDwarf"]
[Black "GMKrikor"]
[Result "1-0"]
[WhiteElo "2568"]
[BlackElo "2812"]
[TimeControl "180+1"]
[EndTime "15:07:57 PDT"]
[Termination "NigelDwarf won on time"]

1. Nf3 d5 2. c4 d4 3. b4 c5 4. e3 dxe3 5. fxe3 cxb4 6. d4 e6 7. Bd3 Nf6 8. O-O Nc6 9. Bb2 Be7 10. Qe2 O-O 11. Nbd2 a5 12. e4 a4 13. e5 a3 14.
exf6 Bxf6 15. Qe4 g6 16. Bc1 Nxd4 17. Rb1 Nc6 18. Nb3 e5 19. Qe2 Bg7 20. Bg5 Qc7 21. c5 f5 22. Bc4+ Kh8 23. Nh4 e4 24. Qe3 Ne5 25. Bd5 Ra6 26. Rbd1 Ng4 27. Qh3 h6 28. c6 Rxc6 29. Bxc6 Qxc6 30. Be7 Kh7 31. Rd6 Qc2 32.
Nxg6 Re8 33. Bf6 Qxa2 34. Bxg7 Kxg7 35. Nf4 e3 36. Rg6+ Kh7 37. Rc1 Bd7 38. Rd6 Re7 39. Qh5 Qxb3 40. Qg6+ Kh8 41. Rf6 Qg8 42. Qh5 Rg7 43.
Ng6+ Rxg6 44. Rxg6 Qf8 45. Rxg4 fxg4 46. Qe5+ Qg7 47.
Qb8+ Kh7 48. Qxb7 Bf5 49. Rc7 Qxc7 50. Qxc7+ Kg6 51. Qd6+ Kg5 52. Qxb4 a2 53. Qa3 Bb1 54. Qxe3+ Kf5 55. Qc3 h5 56. Kf2 h4 57. Qa1 Kf4 58.
g3+ hxg3+ 59. hxg3+ Ke4 60. Qb2 Kd3 61. Ke1 Ke3 62.
Qe5+ Kf3 63. Kd2 Kg2 64. Kc1 Kh3 65. Kb2 Kg2 66. Qf4 Kh3 67. Qe5 Kg2 68. Qe3 Kh3 69. Qf2 1-0

[Event "Late-Titled-Tuesday-Blitz-October-17-2023"]
[Site "Chess.com"]
[Date "2023.10.17"]
[Round "6"]
[White "Artem_Koval"]
[Black "JSlaby"]
[Result "0-1"]
[WhiteElo "2421"]
[BlackElo "2588"]
[TimeControl "180+1"]
[EndTime "15:07:59 PDT"]
[Termination "JSlaby won by checkmate"]

1. d4 Nf6 2. Nf3 d5 3. Bf4 c6 4. e3 Qb6 5. Qc1 Bf5 6. c4 e6 7. Nc3 Nbd7 8. Be2 Be7 9. O-O O-O 10. h3 Rfe8 11. a3 h6 12. b4 Ne4 13. c5 Qd8 14. a4 Bf6 15. Ne5 Nxe5 16. dxe5 Bg5 17. Nxe4 Bxe4 18. Qc3 d4 19. Qc4 Bxf4 20. exf4 Qd5 21.
Qxd5 exd5 22. Rfd1 f6 23. exf6 gxf6 24. Bf1 a5 25. Rxd4 axb4 26. Rxb4 Re7 27. a5 Rd7 28.
f3 Bf5 29. g4 Be6 30. a6 bxa6 31. Rxa6 Rxa6 32. Bxa6 Kf7 33. Rb7 Rxb7 34. Bxb7 Bd7 35. Kf2 Ke7 36. Ke3 Kd8 37. Kd4 Kc7 38. Ba6 Bc8 39. Bd3 Kd8 40. h4 Ke7 41. g5 Kf7 42. gxh6 Kg8 43. Bg6 Kf8 44. Kc3 Ba6 45. Kb4 Be2 46.
Ka5 Bxf3 47. Kb6 d4 48. Kc7 Kg8 49. Kd6 Kh8 50. Ke7 f5 51. Bxf5 Bd5 52. Bg6 Bg8 53.
Kd6 Bh7 54. Ke6 Bxg6 55. Kd6 d3 56. Kxc6 d2 57. Kb7 d1=Q 58. c6 Qb3+ 59. Kc8 Bf5+ 60. Kd8 Qd5+ 61. Ke7 Qxc6 62. Kf7 Qg6+ 63. Ke7 Qxh6 64.
Kd8 Qxf4 65. Ke7 Qe4+ 66. Kf7 Qe6+ 67. Kf8 Kh7 68. h5 Qf6+ 69. Ke8 Be4 70. Kd7 Bc6+ 71. Kc7 Qg5 72. Kd6 Qxh5 73. Kxc6 Qg6+ 74. Kd5 Kg7 75. Ke5 Kf7 76. Kf4 Qe6 77. Kg3 Kf6 78.
Kf2 Qf5+ 79. Kg2 Ke5 80. Kg1 Qf4 81. Kg2 Ke4 82. Kh3 Qe3+ 83. Kh4 Kf4 84. Kh5 Qg3 85. Kh6 Qg8 86. Kh5 Qg5# 0-1

[Event "Late-Titled-Tuesday-Blitz-October-17-2023"]
[Site "Chess.com"]
[Date "2023.10.17"]
[Round "6"]
[White "mind1mover"]
[Black "Hasangatin_Ramil"]
[Result "1-0"]
[WhiteElo "2908"]
[BlackElo "2715"]
[TimeControl "180+1"]
[EndTime "15:08:06 PDT"]
[Termination "mind1mover won on time"]

1. Nf3 d5 2. b3 Bf5 3. Bb2 e6 4. g3 Nf6 5. Bg2 Be7 6. O-O h6 7.
c4 c6 8. d3 O-O 9. Nbd2 Nbd7 10.
a3 a5 11. Ra2 Bh7 12. Qa1 Bd6 13. Ne5 Nxe5 14. Bxe5 Bxe5 15. Qxe5 Nd7 16. Qc3 Qf6 17. Qxf6 Nxf6 18. Rfa1 e5 19. b4 e4 20. d4 b5 21.
cxb5 cxb5 22. Nb3 a4 23. Nc5 Bf5 24. e3 Ne8 25. h3 h5 26. f3 exf3 27. Bxf3 Nf6 28.
Kg2 Rfe8 29. Re1 Re7 30. Rae2 Rae8 31. Kh2 g6 32. Kg2 Kg7 33. Kh2 Be4 34. Kg2 g5 35.
Kf2 Kg6 36. Bxe4+ dxe4 37. Kg2 Nd5 38. g4 hxg4 39. hxg4 Rh8 40. Rh1 Rh4 41. Rxh4 gxh4 42. Kh3 Kg5 43. Re1 Nf6 44. Rg1 Nd5 45. Re1 Nb6 46. Re2 Nc4 47. Re1 Nxa3 48. Rf1 Nc4 49.
Rf5+ Kg6 50. Kxh4 Nxe3 51. Rh5 Nc4 52. g5 e3 53. Rh6+ Kg7 54. Nd3 e2 55. Ne1 a3 56.
Ra6 Re4+ 57. Kg3 Rxd4 58. Kf2 Re4 59. Kf3 Re3+ 60. Kf2 Re6 61. Ra7 Kg6 62. Nf3 Re3 63. Ra6+ Kf5 64. Nd4+ Ke4 65. Nxe2 Kd3 66. Nf4+ Kc3 67.
Nd5+ Kb2 68. Nxe3 Nxe3 69. Kxe3 a2 70. Kd4 a1=Q 71. Rxa1 Kxa1 72. Kc5 Kb2 73. Kxb5 Kc3 74. Kc5 1-0

[Event "Late-Titled-Tuesday-Blitz-October-17-2023"]
[Site "Chess.com"]
[Date "2023.10.17"]
[Round "6"]
[White "ckgchess"]
[Black "DryCounty"]
[Result "1/2-1/2"]
[WhiteElo "2868"]
[BlackElo "2666"]
[TimeControl "180+1"]
[EndTime "15:08:06 PDT"]
[Termination "Game drawn by repetition"]

1. e4 c5 2. Nf3 d6 3. d4 cxd4 4. Nxd4 Nf6 5. Nc3 Nc6 6. Bg5 e6 7. Qd2 Be7 8. O-O-O O-O 9. h4 a6 10. f4 Nxd4 11. Qxd4 Qa5 12. Kb1 e5 13. Qf2 exf4 14. Nd5 Nxd5 15. Rxd5 Qc7 16. Bxe7 Qxe7 17. Qxf4 Rd8 18.
Bd3 Be6 19. Rg5 Rac8 20. h5 h6 21. Rg3 Kf8 22. Rf1 Rc5 23. Qf3 Rg5 24. b3 Rxg3 25.
Qxg3 Qg5 26. Qf3 Qe5 27. g4 Rc8 28. Qf2 a5 29. Qb6 a4 30. Qxb7 a3 31. Kc1 Qc3 32. Qa6 Qb2+ 33. Kd2 Qe5 34. Qb5 Qc3+ 35. Ke3 Bxg4 36.
Qb7 Be6 37. Qa6 Qc5+ 38. Kd2 Qxh5 39. Qxd6+ Kg8 40. Qf4 Qc5 41. c4 Qd4 42. Rc1 Rf8 43. Qe3 Qe5 44. c5 Qb2+ 45. Rc2 Qe5 46. c6 Qc7 47. e5 h5 48. Qd4 Rd8 49. Qe3 Bf5 50.
Rc3 Bxd3 51. Rxd3 Rxd3+ 52. Qxd3 Qxc6 53. Qd8+ Kh7 54. Qd6 Qg2+ 55. Kc3 h4 56. Qd3+ g6 57. Qc4 Qf3+ 58. Kb4 h3 59. e6 h2 60. Qh4+ Kg7 61.
Qxh2 Qe4+ 62. Kxa3 Qxe6 63. b4 Qe3+ 64. Ka4 g5 65. b5 g4 66. Qg2 g3 67. Qb2+ f6 68. b6 Qf2 69. Qb5 Qf4+ 70. Ka5 g2 71. Qd7+ Kg6 72.
Qe8+ Kf5 73. Qd7+ Kg6 74. Qe8+ Kf5 75. Qc8+ Ke5 76. Qc7+ Kf5 77. Qd7+ Kg6 1/2-1/2

[Event "Late-Titled-Tuesday-Blitz-October-17-2023"]
[Site "Chess.com"]
[Date "2023.10.17"]
[Round "6"]
[White "Tiqr777"]
[Black "Bauman_Guy"]
[Result "0-1"]
[WhiteElo "2639"]
[BlackElo "2876"]
[TimeControl "180+1"]
[EndTime "15:08:11 PDT"]
[Termination "Bauman_Guy won by resignation"]

1. c4 Nf6 2. Nc3 e5 3. g3 g6 4. Bg2 Bg7 5. d3 O-O 6. Nf3 d6 7. O-O Re8 8. Bg5 Nbd7 9. Rb1 a5 10. a3 h6 11. Bxf6 Nxf6 12. Nd2 h5 13. b4 axb4 14. axb4 h4 15. b5 Nh7 16. Nd5 Ng5 17. b6 c6 18.
Nc7 Bg4 19. Nxa8 Qxa8 20. Nf3 Nxf3+ 21. Bxf3 Bxf3 22. exf3 Qa5 23. Qe2 Ra8 24. Qe4 hxg3 25. hxg3 Ra6 26. Qg4 Bf8 27. Qc8 Rxb6 28. Ra1 Qb4 29.
Ra8 d5 30. cxd5 cxd5 31. Kg2 Kg7 32. Rh1 Qc5 33. Qh3 Kf6 34. Qh4+ Ke6 35. Qg4+ Kf6 36.
Rh8 Be7 37. Rac8 Qd4 38. Qxd4 exd4 39. Rh1 Rb3 40. Rd1 b6 41. Rc6+ Kg7 42. Re1 Bc5 43. Rd1 Rc3 44. Rc7 Kf6 45. Rc6+ Kg7 46. Rc7 b5 47. f4 b4 48. Rb1 Kf6 49. g4 Bd6 50. Rd7 Ke6 51. Rd8 Ke7 52. Ra8 Rxd3 53. Re1+ Kd7 54.
Ra7+ Kc6 55. Rxf7 b3 56. Re6 b2 57. Rxd6+ Kxd6 58. Rb7 Rd2 59. Kg3 d3 60. Rb6+ Kc5 61.
Rb8 Rc2 62. f5 gxf5 63. gxf5 d2 64. Rc8+ Kd4 65. Rxc2 b1=Q 66. Rxd2+ Ke5 67. f6 Qg6+ 68. Kh2 Qxf6 69. Re2+ Kd4 70. Kg2 Kc3 71. Re3+ Kc4 72.
Rf3 Qe5 73. Re3 Qd6 74. Kf3 d4 75. Re4 Kc3 76. Re1 d3 77. Re6 Qxe6 0-1

[Event "Late-Titled-Tuesday-Blitz-October-17-2023"]
[Site "Chess.com"]
[Date "2023.10.17"]
[Round "6"]
[White "Deeper44"]
[Black "Haykoooo0o"]
[Result "0-1"]
[WhiteElo "2625"]
[BlackElo "2478"]
[TimeControl "180+1"]
[EndTime "15:08:37 PDT"]
[Termination "Haykoooo0o won by resignation"]

1. d4 d5 2. c4 c6 3. Nf3 Nf6 4.
g3 Bf5 5. Bg2 e6 6. Qb3 Qb6 7. c5 Qxb3 8. axb3 Nbd7 9. b4 a6 10. Nc3 Rc8 11. Bf4 h6 12. h3 g5 13.
Be5 Nxe5 14. Nxe5 Nd7 15. e4 Nxe5 16. dxe5 Bg6 17. f4 Bg7 18. O-O f5 19. exd5 cxd5 20.
Ne2 Kf7 21. Nd4 Ra8 22. Rfd1 Rhd8 23. Kf2 Bf8 24. Rac1 Rac8 25. Nb3 Kg7 26. Bf3 Be8 27. Nd4 Kf7 28. Kg2 Ke7 29. b3 Bd7 30. Be2 Kf7 31. Kh2 Be7 32. Bh5+ Kg7 33. Be2 a5 34. bxa5 Bxc5 35. Nb5 Bxb5 36. Bxb5 Be3 37. Rxc8 Rxc8 38. fxg5 hxg5 39. Bd3 Rc3 40. b4 Rb3 41. b5 Rb2+ 42. Kh1 Bd2 43. a6 bxa6 44. bxa6 Ra2 45. a7 Be3 46.
Bb5 Rxa7 47. Bc6 Bf2 48. g4 f4 49. Kg2 Be3 50. Kf3 Kf7 51. h4 gxh4 52. g5 Kg6 53. Kg4 Ra2 54. Kxh4 Rh2+ 55. Kg4 Rg2+ 56.
Kh4 Rxg5 57. Be8+ Kh6 58. Bf7 Rxe5 59. Kg4 Kg7 60. Be8 Kf6 61. Kf3 Rg5 62. Rh1 Rg3+ 63. Ke2 Ke5 64. Kd3 Bc5+ 65. Ke2 Rg2+ 66. Kf3 Rg3+ 67. Ke2 Kd4 68. Rd1+ Ke4 69. Bf7 Rg2+ 70. Kf1 Rg1+ 71. Ke2 Rxd1 72. Kxd1 e5 73. Ke2 Kd4 74. Bg6 e4 75. Kd2 Ke5 76. Ke2 f3+ 77. Kf1 Kf4 78. Bh7 e3 79. Bd3 e2+ 80. Bxe2 fxe2+ 81. Kxe2 Ke4 82.
Kd2 Kd4 83. Kc2 Ke3 84. Kd1 Kd3 85. Kc1 Ke2 86. Kc2 d4 87. Kb3 d3 88. Kc4 d2 0-1

[Event "Late-Titled-Tuesday-Blitz-October-17-2023"]
[Site "Chess.com"]
[Date "2023.10.17"]
[Round "7"]
[White "pedromartinez91"]
[Black "PushingpawnsNYC"]
[Result "1/2-1/2"]
[WhiteElo "2519"]
[BlackElo "2349"]
[TimeControl "180+1"]
[EndTime "15:11:25 PDT"]
[Termination "Game drawn by agreement"]

1. d4 g6 2. c4 Bg7 3. Nc3 b6 4. e4 Bb7 5. Nf3 h6 6. Bd3 e6 7. e5 d6 8. exd6 cxd6 9. O-O a6 10. Re1 Ne7 11. Bf4 O-O 12. Qd2 g5 13. Nxg5 hxg5 14. Bxg5 Qd7 15. Re3 f5 16. Rg3 Rf7 17. Bh6 1/2-1/2

[Event "Late-Titled-Tuesday-Blitz-October-17-2023"]
[Site "Chess.com"]
[Date "2023.10.17"]
[Round "7"]
[White "Sacbutt"]
[Black "PapaieDudu"]
[Result "1-0"]
[WhiteElo "2232"]
[BlackElo "2359"]
[TimeControl "180+1"]
[EndTime "15:11:28 PDT"]
[Termination "Sacbutt won by resignation"]

1. e4 c5 2. Nf3 d6 3. d4 cxd4 4. Qxd4 Nf6 5. Bb5+ Bd7 6. Bxd7+ Qxd7 7. c4 Nc6 8. Qd3 g6 9. O-O Bg7 10. Nc3 e6 11. Rd1 Rd8 12. h3 O-O 13. Bf4 Nh5 14. Bxd6 Rfe8 15. Qe2 Qc8 16. Rac1 e5 1-0